 Dungeon Crawl Stone Soup version 0.23.2-42-gf373564dc4 (webtiles) character file.

Game seed: 9236880500020890446

7898 TeamPepega the Fighter (level 11, 74/74 HPs)
             Began as a Gargoyle Fighter on July 25, 2019.
             Was an Elder of Okawaru.
             Quit the game on level 1 of the Lair of Beasts on Dec 27, 2019.
             The game lasted 00:40:29 (9748 turns).

TeamPepega the Fighter (Gargoyle Fighter)           Turns: 9748, Time: 00:40:30

Health: 74/74      AC: 23    Str: 23    XL:     11   Next: 22%
Magic:  14/14      EV:  5    Int:  9    God:    Okawaru [****..]
Gold:   477        SH: 11    Dex:  9    Spells: 10/10 levels left

rFire    x . .     SeeInvis .   t - +0 morningstar
rCold    + . .     Gourm    .   c - +0 shield
rNeg     + + .     Faith    .   i - +0 plate armour
rPois    ∞         Spirit   .   n - +0 helmet
rElec    +         Reflect  .   C - +0 cloak
rCorr    +         Harm     .   (no gloves)
MR       .....                  d - +0 pair of boots "Qagemip" {rCorr Stlth+} (curse)
Stlth    ..........             g - amulet of regeneration
HPRegen  0.62/turn              a - ring of positive energy
MPRegen  0.14/turn              l - ring of ice

@: no status effects
A: negative energy resistance 1, electricity resistance, unbreathing,
petrification resistance, rot immunity, AC +8
a: Heroism, Renounce Religion


You were on level 1 of the Lair of Beasts.
You worshipped Okawaru.
Okawaru was greatly pleased with you.
You were not hungry.

You visited 2 branches of the dungeon, and saw 12 of its levels.

You collected 477 gold pieces.

Inventory:

Hand Weapons
 k - a +0 flail of venom
 t - a +0 morningstar (weapon)
Missiles
 j - 265 stones
 m - 5 javelins (quivered)
 I - 2 silver javelins
 M - 4 tomahawks
Armour
 c - a +0 shield (worn)
 d - the cursed +0 pair of boots "Qagemip" (worn) {rCorr Stlth+}
   (You found it on level 4 of the Dungeon)

   It provides partial protection from all sources of acid and corrosion.
   It makes you more stealthy.
   It has a curse placed upon it.
 i - a +0 plate armour (worn)
 n - a +0 helmet (worn)
 C - a +0 cloak (worn)
Jewellery
 a - a ring of positive energy (left hand)
 g - an amulet of regeneration (around neck)
 l - a ring of ice (right hand)
 D - an uncursed ring of flight
Wands
 e - a wand of disintegration (4)
 v - a wand of paralysis (3)
 J - a wand of digging (3)
 K - a wand of clouds (1)
 Q - a wand of iceblast (9)
Scrolls
 h - 5 scrolls of blinking {@r4}
 o - 6 scrolls of immolation {unknown}
 q - a scroll of enchant weapon
 s - 2 scrolls of fog {unknown}
 w - 3 scrolls of teleportation {unknown}
 y - a scroll of noise {unknown}
 A - a scroll of identify {@r1}
 F - 2 scrolls of remove curse {@r2}
 H - 3 scrolls of fear {unknown}
 L - a scroll of summoning
 N - a scroll of random uselessness {unknown}
 O - a scroll of torment {unknown}
Potions
 b - 2 potions of heal wounds {@q2 !q}
 p - 2 potions of mutation
 r - 3 potions of flight
 x - 4 potions of curing {@q1 !q}
 z - a potion of brilliance
 B - 4 potions of haste {@q4 !q}
 G - a potion of invisibility
Miscellaneous
 u - a fan of gales
 P - a box of beasts
Comestibles
 f - 14 rations
 E - 3 chunks of flesh


   Skills:
 - Level 11.0 Fighting
 * Level 10.6 Maces & Flails
 - Level 1.3 Throwing
 - Level 3.6 Armour
 + Level 8.5 Shields
 - Level 3.4 Invocations
 * Level 4.0 Evocations


You had 10 spell levels left.
You didn't know any spells.
Your spell library contained the following spells:

 Spells                   Type           Power        Failure   Level  Hunger
 Confusing Touch          Hex            #.....       100%        1    ##.....
 Confuse                  Hex            #.......     100%        3    ####...
 Gell's Gravitas          Tloc           #.........   100%        3    ####...
 Petrify                  Tmut/Erth      #.......     100%        4    #####..
 Metabolic Englaciation   Hex/Ice        #.........   100%        5    ######.
 Yara's Violent Unravell  Hex/Tmut       #.........   100%        5    ######.


Dungeon Overview and Level Annotations

Branches:
Dungeon (11/15)            Temple (0/1) D:6            Lair (1/6) D:11
    Orc: D:9-12

Altars:
Cheibriados
Elyvilon
Fedhas
Gozag
Hepliaklqana
Kikubaaqudgha
Makhleb
Nemelex Xobeh
Okawaru
Qazlal
Trog
Uskayaw
Zin

Annotations:
D:4 exclusion: downstairs
D:10 1 transporter, Fannar


Innate Abilities, Weirdness & Mutations

You are resistant to torment.
Your stone body is resilient. (AC +8)
You are immune to poison.
You resist negative energy. (rN+)
You are resistant to electric shocks. (rElec)
You can survive without breathing.
You are immune to petrification.
You are immune to rotting.


Message History

The basilisk is severely wounded.
The basilisk gazes at you.
You are unaffected.
You barely miss the basilisk.
The basilisk is severely wounded.
The basilisk bites you but does no damage.
Your shield and plate armour prevent you from hitting the basilisk.
The basilisk is severely wounded.
You block the basilisk's attack.
You barely miss the basilisk.
The basilisk is severely wounded.
The basilisk gazes at you. You resist with some effort.
You barely miss the basilisk.
The basilisk is severely wounded.
You block the basilisk's attack.
Your plate armour prevents you from hitting the basilisk.
The basilisk is severely wounded.
The basilisk gazes at you. You resist with some effort.
You closely miss the basilisk.
The basilisk is severely wounded.
The basilisk gazes at you. You resist with some effort.
You closely miss the basilisk.
The basilisk is severely wounded.
The basilisk gazes at you. You resist with some effort.
You impale the basilisk!!
You kill the basilisk!
Okawaru accepts your kill.
You closely miss the crocodile.
The crocodile bites you but does no damage.
You closely miss the crocodile. The crocodile bites you.
You bludgeon the crocodile!!
The crocodile is severely wounded.
You block the crocodile's attack.
Your shield and plate armour prevent you from hitting the crocodile.
The crocodile is severely wounded.
You block the crocodile's attack.
Your plate armour prevents you from hitting the crocodile.
The crocodile is severely wounded.
You block the crocodile's attack.
You closely miss the crocodile.
The crocodile is severely wounded.
You block the crocodile's attack.
You impale the crocodile!!
You kill the crocodile!
Okawaru accepts your kill.
You sock the gargoyle!
The gargoyle is heavily damaged.
The gargoyle hurls a stone arrow at you.
The stone arrow hits you!
You hit the gargoyle.
The gargoyle is severely damaged.
The gargoyle hits you with a +0 mace!
You hit the gargoyle but do no damage.
The gargoyle is severely damaged.
The gargoyle hits you but does no damage.
You hit the gargoyle.
The gargoyle is severely damaged.
The gargoyle hurls a stone arrow at you.
You block the stone arrow.
You hit the gargoyle but do no damage.
The gargoyle is severely damaged.
The gargoyle hits you but does no damage.
You hit the gargoyle but do no damage.
The gargoyle is severely damaged.
The gargoyle hurls a stone arrow at you.
The stone arrow hits you.
You puncture the gargoyle!
You destroy the gargoyle!
Okawaru accepts your kill.
Your Evocations skill increases to level 4!
Things that are here:
a +0 mace; a basilisk corpse You start resting.
Magic restored.
Eating one of 4 chunks of flesh.
You eat one of the 4 chunks of flesh.
This raw flesh tastes terrible.
HP restored.
m - 4 javelins (gained 1)
m - 5 javelins (gained 1)
You see here a ring mail.
I - a silver javelin
Things that are here:
a +0 giant spiked club x2
I - 2 silver javelins (gained 1) Key pressed, stopping explore.
A cyclops comes into view.
The cyclops shouts!
You hear an angry hiss.
The cyclops throws a large rock.
You block the large rock.
Found a potion of agility.
You see here a large rock.
You see here a lightning rod (4/4).
You can't go down here!
There is a staircase to the Lair here.
You climb downwards.
Welcome to the Lair of Beasts!
There is a staircase back to the Dungeon here.
Are you sure you want to abandon this character and quit the game? (Confirm with "yes".)

# .# ## .#
#.. .P#
#..####..##..
#............
#....@.......
#............
#..#P#.#.+##.
#.. ## .# .#
## .. # ...
... ....


There were no monsters in sight!

Vanquished Creatures
  Erica (D:8)
  2 two-headed ogres
  An elephant (D:10)
  Maurice (D:8)
  2 gargoyles
  A komodo dragon (D:11)
  2 hippogriffs
  A shadow (D:9)
  A basilisk (D:11)
  A hungry ghost (D:7)
  Duvessa (D:5)
  2 black bears
  An ice beast (D:7)
  3 orc warriors
  4 sky beasts
  3 ogres
  4 centaurs
  A crocodile (D:11)
  2 bullfrogs
  A big kobold (D:10)
  Dowan (D:5)
  5 scorpions
  A water moccasin skeleton (D:8)
  5 crimson imps
  A hound (D:9)
  A centaur zombie (D:6)
  2 jellies (D:8)
  7 orc wizards
  9 orc priests
  2 bullfrog skeletons
  3 iguanas
  Terence (D:1)
  5 worker ants
  A hound zombie (D:5)
  A hound skeleton (D:9)
  4 worker ant zombies
  Robin (D:2)
  9 gnolls
  8 adders
  2 shadow imps
  An ooze (D:4)
  An adder skeleton (D:3)
  5 worms
  3 dart slugs
  9 leopard geckos
  35 orcs
  5 bats
  5 giant cockroaches
  14 goblins
  14 hobgoblins
  12 jackals
  7 kobolds
  5 quokkas
  A ball python (D:2)
  7 frilled lizards
  A giant cockroach zombie (D:3)
  A jackal skeleton (D:6)
  2 quokka skeletons
  A quokka zombie (D:6)
  5 rats
238 creatures vanquished.

Notes
Turn   | Place    | Note
-------+----------+-------------------------------------------
     0 | D:1      | TeamPepega the Gargoyle Fighter began the quest for the
                  | Orb.
     0 | D:1      | Reached XP level 1. HP: 14/14 MP: 1/1
   152 | D:1      | Reached XP level 2. HP: 18/19 MP: 2/2
   713 | D:2      | Noticed Terence
   750 | D:1      | Reached XP level 3. HP: 21/24 MP: 3/3
   809 | D:1      | Killed Terence
   809 | D:1      | Reached skill level 4 in Fighting
   809 | D:1      | Reached XP level 4. HP: 23/29 MP: 4/4
  1088 | D:2      | Found an ancient bone altar of Kikubaaqudgha.
  1119 | D:2      | Noticed Robin
  1140 | D:2      | Killed Robin
  1452 | D:2      | Reached XP level 5. HP: 34/34 MP: 5/5
  2100 | D:3      | Reached skill level 5 in Fighting
  2277 | D:4      | Noticed a centaur
  2290 | D:4      | Killed a centaur
  2290 | D:4      | Reached XP level 6. HP: 36/40 MP: 6/6
  2575 | D:4      | Reached skill level 6 in Fighting
  2769 | D:4      | Found a snail-covered altar of Cheibriados.
  2773 | D:4      | Got a pair of scorched boots
  2831 | D:4      | Identified the cursed +0 pair of boots "Qagemip" {rCorr
                  | Stlth+} (You found it on level 4 of the Dungeon)
  2873 | D:3      | Reached skill level 5 in Maces & Flails
  2931 | D:3      | Reached XP level 7. HP: 42/46 MP: 7/7
  3555 | D:4      | Reached skill level 1 in Throwing
  3573 | D:4      | Found a burning altar of Makhleb.
  3663 | D:4      | Found a white marble altar of Elyvilon.
  3750 | D:4      | Found an iron altar of Okawaru.
  3751 | D:4      | Found a glowing silver altar of Zin.
  3774 | D:4      | Became a worshipper of Warmaster Okawaru
  4016 | D:5      | Entered Level 5 of the Dungeon
  4057 | D:5      | Found a sparkling altar of Nemelex Xobeh.
  4212 | D:5      | Reached skill level 7 in Fighting
  4374 | D:5      | Reached XP level 8. HP: 31/53 MP: 8/8
  4483 | D:5      | Noticed Duvessa
  4483 | D:5      | Noticed Dowan
  4498 | D:5      | Killed Duvessa
  4503 | D:5      | Killed Dowan
  4598 | D:5      | Reached * piety under Okawaru
  4698 | D:5      | Found a bloodstained altar of Trog.
  4700 | D:5      | Found a hazy altar of Hepliaklqana.
  4896 | D:6      | Found a blossoming altar of Fedhas.
  4945 | D:6      | Reached skill level 1 in Invocations
  4953 | D:6      | Found a staircase to the Ecumenical Temple.
  5107 | D:6      | Reached skill level 5 in Shields
  5342 | D:6      | Reached skill level 8 in Fighting
  5487 | D:6      | Found a stormy altar of Qazlal.
  5825 | D:7      | Upgraded the game from 0.23.2-33-g5129a83184 to
                  | 0.23.2-42-gf373564dc4
  5872 | D:7      | Found a hazy altar of Hepliaklqana.
  5954 | D:7      | Noticed a +0 hand axe
  5955 | D:7      | Found a hide-covered altar of Uskayaw.
  5955 | D:7      | Noticed a +0 dagger
  5963 | D:7      | Found a stormy altar of Qazlal.
  6141 | D:7      | Reached XP level 9. HP: 59/59 MP: 10/10
  6417 | D:7      | Reached ** piety under Okawaru
  6813 | D:8      | Reached skill level 9 in Fighting
  6884 | D:8      | Noticed Erica
  6920 | D:8      | Killed Erica
  6920 | D:8      | Reached skill level 1 in Evocations
  7263 | D:8      | Found an opulent altar of Gozag.
  7281 | D:8      | Reached XP level 10. HP: 35/68 MP: 10/12
  7553 | D:8      | Noticed Maurice
  7554 | D:8      | Paralysed by Maurice for 6 turns
  7569 | D:8      | Paralysed by something for 6 turns
  7605 | D:8      | Killed Maurice
  7605 | D:8      | Reached skill level 10 in Fighting
  8251 | D:9      | Reached *** piety under Okawaru
  8737 | D:10     | Entered Level 10 of the Dungeon
  8758 | D:10     | Noticed a gargoyle
  8773 | D:10     | Killed a gargoyle
  8976 | D:10     | Noticed Fannar
  9168 | D:10     | Noticed a two-headed ogre
  9191 | D:10     | Killed a two-headed ogre
  9191 | D:10     | Reached **** piety under Okawaru
  9191 | D:10     | Reached skill level 11 in Fighting
  9191 | D:10     | Reached skill level 10 in Maces & Flails
  9289 | D:10     | Found a transporter.
  9342 | D:11     | Noticed a two-headed ogre
  9354 | D:11     | Killed a two-headed ogre
  9354 | D:11     | Reached XP level 11. HP: 74/74 MP: 10/13
  9431 | D:11     | Found a staircase to the Lair.
  9715 | D:11     | Noticed a cyclops
  9747 | Lair:1   | Entered Level 1 of the Lair of Beasts
  9748 | Lair:1   | Quit the game

Skill      XL: |  1  2  3  4  5  6  7  8  9 10 11 |
---------------+----------------------------------+-----
Fighting       | 4 5 6 7 8 9 11 | 11.0
Maces & Flails | 3 4 5 6 7 8 10 | 10.6
Throwing       | 1 |  1.3
Shields        | 4 5 6 8 |  8.5
Invocations    | 2 3 |  3.4
Evocations     | 1 3 4 |  4.0
Armour         | |  3.6

Action                   |  1- 3 |  4- 6 |  7- 9 | 10-12 || total
-------------------------+-------+-------+-------+-------++-------
Melee: Flail             |   100 |   188 |    37 |       ||   325
       Morningstar       |       |    88 |   432 |   320 ||   840
Throw: Stone             |    35 |   158 |   161 |       ||   354
       Javelin           |       |       |       |     4 ||     4
Invok: Heroism           |       |       |     5 |     9 ||    14
Evoke: Wand              |       |       |       |     4 ||     4
  Use: Scroll            |       |     7 |     6 |     3 ||    16
       Potion            |       |     2 |       |       ||     2
 Stab: Paralysed         |       |       |       |     5 ||     5
  Eat: Chunk             |       |     7 |    13 |     9 ||    29
       Ration            |       |       |     1 |       ||     1
Armor: Scale mail        |    10 |       |       |       ||    10
       Plate armour      |    80 |   231 |   249 |   168 ||   728
Dodge: Dodged            |    25 |    47 |    60 |    46 ||   178
Block: Shield            |    75 |   162 |   214 |   137 ||   588
